Map: Glittering Ashes LE

Players

gumiho

  • Race: Terran Terran

Serral - Winner!

  • Race: Zerg Zerg
  • League: Master

Event: DreamHack SC2 Masters Last Chance 2022

VOD

Have the link to the VOD?

Description

Time

  • Played on: Dec. 17, 2021, 12:11 p.m.
  • Length: 10:37

All games in this series

Show
View Real Time Build Order
Export as new Build Order

gumiho Terran 

Build Orders: Command Center First (CC) 

Get SALT Encoding   

  12  0:00  SCV  
  13  0:12  SCV  
  14  0:20  Supply Depot  
  14  0:25  SCV  
  15  0:42  SCV  
  16  0:54  SCV  
  17  0:59  Command Center  
  17  1:06  SCV  
  18  1:14  Barracks  
  18  1:18  SCV  
  18  1:21  Refinery  
  19  1:30  SCV  
  19  1:32  Refinery  
  20  1:42  SCV  
  21  1:55  SCV  
  22  2:01  Marine  
  22  2:07  Orbital Command  
  23  2:09  Factory  
  23  2:12  Orbital Command  
  23  2:19  Marine  
  24  2:34  SCV  
  25  2:37  Bunker, Marine  
  25  2:39  SCV  
  27  2:46  SCV  
  28  2:51  SCV  
  28  2:53  Hellion  
  28  2:54  Starport  
  31  3:00  SCV  
  31  3:03  Supply Depot  
  32  3:10  SCV  
  34  3:13  SCV  
  34  3:15  Supply Depot  
  37  3:22  SCV  
  37  3:25  SCV  
  36  3:28  Refinery  
  36  3:29  Refinery  
  36  3:31  Fusion Core, Starport Tech Lab  
  36  3:34  SCV  
  36  3:37  SCV  
  38  3:46  SCV  
  39  3:49  SCV  
  39  3:54  Command Center  
  40  3:58  SCV  
  40  4:01  SCV  
  42  4:04  Supply Depot  
  42  4:10  SCV  
  42  4:13  SCV  
  42  4:16  Barracks Reactor  
  44  4:20  Battlecruiser  
  50  4:24  Weapon Refit  
  50  4:27  SCV  
  50  4:28  SCV  
  52  4:33  Factory Tech Lab  
  52  4:39  SCV  
  52  4:40  SCV  
  52  4:44  Supply Depot  
  54  4:47  Engineering Bay  
  54  4:49  Engineering Bay  
  54  4:53  SCV x2  
  59  5:05  SCV x2  
  58  5:07  Orbital Command  
  58  5:08  Barracks  
  58  5:14  Stimpack, Marine  
  58  5:17  SCV x2  
  58  5:21  Terran Infantry Weapons Level 1, Terran Infantry Armor Level 1  
  61  5:22  Barracks  
  61  5:24  Factory Reactor  
  61  5:32  Marine  
  61  5:34  Battlecruiser  
  64  5:40  SCV x2  
  66  5:45  SCV  
  66  5:49  Supply Depot, Marine  
  67  5:50  Supply Depot  
  67  5:52  SCV  
  67  5:55  Orbital Command  
  69  5:58  Marine x2  
  71  6:06  SCV x2  
  71  6:07  Marine  
  71  6:10  Supply Depot  
  74  6:12  Supply Depot  
  74  6:16  Marine x2  
  74  6:17  Barracks  
  74  6:18  SCV x2, Barracks  
  77  6:25  Marine  
  78  6:28  SCV  
  78  6:30  SCV  
  81  6:33  SCV  
  81  6:36  Armory  
  81  6:39  Marine x2  
  83  6:40  SCV, Marine x2  
  83  6:42  SCV  
  83  6:45  SCV  
  89  6:50  Starport Reactor  
  89  6:52  Supply Depot, SCV  
  89  6:53  Supply Depot, Marine  
  91  6:54  Supply Depot, SCV  
  91  6:57  Combat Shield, Marine x3  
  92  7:01  Siege Tank  
  92  7:03  Marine  
  88  7:11  Marine  
  88  7:15  Marine x3  
  87  7:18  SCV  
  87  7:19  SCV x2  
  87  7:21  Marine  
  92  7:25  Terran Infantry Weapons Level 2  
  92  7:29  Terran Infantry Armor Level 2, Marine  
  93  7:31  SCV x3  
  93  7:33  Barracks Reactor x2, Marine x3  
  93  7:34  Medivac x2  
  93  7:36  Supply Depot  
  103  7:37  Siege Tank  
  103  7:43  SCV x3  
  109  7:46  Missile Turret  
  109  7:50  Missile Turret  
  103  7:52  Marine  
  103  7:53  Missile Turret, Marine x3  
  103  7:57  Marine  
  108  8:04  Medivac x2  
  112  8:10  Marine  
  112  8:11  Marine  
  110  8:18  Missile Turret  
  110  8:19  Marine x5  
  115  8:22  Siege Tank, Marine  
  115  8:24  Command Center  
  115  8:25  Marine  
  120  8:28  Marine  
  122  8:35  Marine  
  122  8:37  Marine x3  
  122  8:39  Marine  
  125  8:42  Terran Vehicle Weapons Level 1  
  125  8:43  Marine  
  125  8:46  Marine  
  126  8:49  Medivac x2  
  126  8:50  Refinery  
  126  8:53  Marine  
  126  8:54  Marine  
  126  8:55  Marine x2  
  134  8:56  Command Center  
  134  8:57  Marine  
  134  8:59  Siege Tank  
  134  9:01  Refinery  
  139  9:02  Refinery  
  139  9:04  Marine  
  139  9:05  Sensor Tower  
  139  9:07  Supply Depot  
  139  9:08  Supply Depot x2  
  140  9:11  SCV  
  140  9:12  Barracks Reactor  
  141  9:19  Barracks Reactor, Marine  
  141  9:28  Marine x3  
  147  9:33  Factory, Marine  
  147  9:35  Factory  
  147  9:37  Marine  
  149  9:39  SCV x3  
  149  9:42  Missile Turret  
  150  9:45  Missile Turret  
  150  9:46  Marine  
  148  9:53  SCV x2  
  148  9:55  Refinery  
  148  9:57  Orbital Command  
  141  10:00  Medivac x2  
  139  10:12  Missile Turret  
  139  10:13  Marine x4  
  139  10:14  Marauder, Marine x4  
  146  10:17  Factory Tech Lab  
  146  10:19  Factory Tech Lab  
Show
View Real Time Build Order
Export as new Build Order

Serral Zerg - Winner!

Build Orders: Pool First 

Get SALT Encoding   

  12  0:00  Drone  
  13  0:11  Overlord  
  13  0:16  Drone  
  14  0:30  Drone x2  
  16  0:40  Spawning Pool  
  15  0:44  Drone  
  15  0:47  Drone  
  17  1:07  Hatchery  
  17  1:10  Drone  
  17  1:26  Zergling x4  
  17  1:27  Zergling x2  
  17  1:29  Queen  
  17  1:31  Extractor  
  21  1:37  Overlord  
  21  1:50  Drone  
  22  1:59  Drone  
  23  2:05  Queen  
  25  2:10  Drone  
  26  2:19  Drone, Queen  
  26  2:21  Drone  
  30  2:32  Drone x2  
  30  2:34  Metabolic Boost  
  31  2:46  Drone x4  
  31  2:49  Overlord  
  35  3:05  Drone, Hatchery  
  35  3:08  Drone  
  35  3:10  Drone  
  37  3:13  Drone  
  37  3:14  Drone  
  37  3:17  Drone  
  37  3:18  Drone  
  41  3:22  Drone  
  41  3:23  Drone  
  43  3:27  Overlord  
  43  3:31  Overlord  
  43  3:45  Queen x2  
  43  3:46  Drone x2  
  43  3:47  Drone  
  50  3:50  Zergling x4  
  50  3:51  Drone  
  53  3:55  Drone  
  53  3:56  Drone  
  53  3:58  Drone  
  53  4:02  Drone  
  57  4:03  Drone, Baneling Nest  
  57  4:05  Drone x2  
  59  4:10  Overlord  
  59  4:16  Queen  
  61  4:17  Zergling x2  
  61  4:18  Drone x2  
  61  4:23  Drone x2  
  66  4:28  Queen, Overlord  
  68  4:31  Overlord  
  68  4:36  Lair  
  68  4:39  Roach Warren  
  68  4:43  Extractor  
  68  4:44  Extractor  
  66  4:48  Drone x4  
  66  4:49  Drone  
  66  4:51  Spore Crawler  
  66  4:52  Queen  
  72  4:54  Drone x2, Spore Crawler  
  72  4:58  Spore Crawler  
  72  5:00  Drone x3  
  72  5:04  Drone x3  
  78  5:08  Drone x2  
  78  5:09  Extractor  
  78  5:10  Drone  
  78  5:13  Drone x2  
  81  5:15  Extractor  
  81  5:16  Zergling x2, Extractor  
  81  5:20  Drone, Overlord  
  81  5:26  Overlord  
  81  5:34  Drone  
  82  5:41  Spire  
  78  5:44  Drone x2  
  78  5:45  Drone x3, Overseer  
  78  5:49  Drone x2  
  85  5:53  Baneling Nest  
  85  5:56  Overlord  
  84  5:59  Drone x2  
  84  6:00  Drone  
  84  6:03  Overlord  
  87  6:04  Zergling x6  
  87  6:07  Hatchery  
  87  6:08  Zergling x2  
  87  6:09  Zergling x6  
  93  6:14  Zergling x8  
  97  6:21  Overlord  
  97  6:24  Drone  
  97  6:27  Overlord  
  97  6:30  Drone x2  
  97  6:32  Evolution Chamber x2  
  94  6:36  Overlord  
  93  6:52  Queen x3  
  97  7:01  Mutalisk x9  
  97  7:02  Mutalisk  
  114  7:09  Mutalisk x3  
  114  7:12  Overseer  
  117  7:19  Mutalisk, Overlord  
  117  7:20  Mutalisk x3  
  122  7:27  Zerg Flyer Weapons Level 1  
  122  7:35  Drone x10, Overlord  
  132  7:41  Zerg Ground Armor Level 1, Zerg Melee Weapons Level 1  
  132  7:45  Overlord x2  
  132  7:48  Centrifugal Hooks  
  132  7:53  Zergling x2  
  132  7:54  Zergling x6  
  132  7:56  Spore Crawler  
  135  8:02  Baneling  
  135  8:10  Zergling x20  
  135  8:11  Zergling x8  
  147  8:15  Pneumatized Carapace  
  147  8:19  Drone  
  149  8:20  Drone x4, Overlord x2  
  149  8:23  Zergling x6  
  149  8:26  Baneling x6  
  155  8:28  Baneling x5  
  155  8:34  Baneling  
  155  8:35  Baneling x9  
  155  8:37  Zergling x2  
  155  8:38  Zergling x8  
  160  8:44  Hatchery  
  160  8:48  Zergling x12  
  160  8:52  Overlord x2  
  165  9:01  Mutalisk x5  
  175  9:03  Extractor  
  175  9:05  Extractor  
  175  9:06  Drone x3  
  175  9:08  Drone x3  
  179  9:14  Overlord  
  179  9:15  Zergling x2  
  179  9:16  Zergling x10  
  185  9:18  Overseer  
  185  9:25  Zergling x16  
  193  9:33  Zergling x12  
  199  9:43  Baneling x17  
  194  9:49  Zergling x16  
  194  9:59  Zergling x8  
  196  10:06  Infestation Pit  
  194  10:11  Baneling x9  
  194  10:14  Zergling x10  

Tags
 
Add a new tag
Caveats
  • Supply blocks, unpowered buildings, or Contaminate may cause inaccurate times.
  • Supply counts are checked every 10 seconds.